 Dungeon Sprint DCSS version 0.27-a0-1347-gd8886f0a89 (webtiles) character file.

Game seed: 4739910440483679098

83268 mhtbhm the Archmage (level 14, -2/78 HPs)
             Began as a Deep Elf Earth Elementalist on June 27, 2021.
             Was the Champion of Vehumet.
             Splashed by an oklob plant's acid (11 damage)
             ... in the Dungeon (Sprint III: "The Ten Rune Challenge").
             The game lasted 00:24:26 (6969 turns).

mhtbhm the Archmage (Deep Elf Earth Elementalist)   Turns: 6969, Time: 00:24:26

Health: -2/78      AC:  1    Str: 11    XL:     14   Next: 93%
Magic:  43/56      EV: 22    Int: 30    God:    Vehumet [******]
Gold:   178        SH:  0    Dex: 21    Spells: 7/67 levels left

rFire    + . .     SeeInvis +   m - staff of earth
rCold    + + .     Faith    +   (no shield)
rNeg     + + .     Spirit   .   b - +2 robe {rPois}
rPois    +         Reflect  .   B - +0 mask of the Dragon {Will+ Slay+3 SInv}
rElec    .         Harm     .   z - scarf {repulsion}
rCorr    .         Rampage  .   (no gloves)
Will     ++...     Clarity  +   y - +0 pair of boots of the Falcon {rF+ Stlth+} Stlth +++++++...NoTele +
                                l - amulet of the Middle {Faith rN+ Dex+2}
HPRegen  0.23/turn              n - ring of Zakhlob {rN+ Str+6 Int+2 Dex+2 Slay-2 Stlth+}
MPRegen  0.35/turn              r - ring of Ymim Cumm {rC+ MP+9 Int+2 Dex+4 Slay-3}

@: corroded, repel missiles
A: clarity, clumsy 1, cold resistance 1
}: 1/10 runes: decaying
a: Renounce Religion


You were in the Dungeon.
You worshipped Vehumet.
Vehumet was exalted by your worship.
You visited 1 branch You collected 2200 gold pieces.
You spent 2022 gold pieces at shops.

Inventory:

Hand Weapons
 p - a +2 long sword of holy wrath
Missiles
 h - 7 curare-tipped darts (quivered)
 i - 30 stones
 D - 10 atropa-tipped darts
Armour
 b - a +2 robe of poison resistance (worn)
 t - a +2 cloak of stealth
 y - the +0 pair of boots of the Falcon (worn) {rF+ Stlth+}
   (You bought it in a shop in the Dungeon)

   rF:        It protects you from fire.
   Stlth:     It makes you more stealthy.
 z - a scarf of repulsion (worn)
 B - the +0 mask of the Dragon (worn) {Will+ Slay+3 SInv}
   (You found it in the Dungeon)

   Slay:      It affects your accuracy & damage with ranged weapons and melee
   (+3).
   SInv:      It lets you see invisible.
   Will:      It increases your willpower.
Magical Staves
 m - a staff of earth (weapon)
Jewellery
 l - the amulet of the Middle (around neck) {Faith rN+ Dex+2}
   (You took it off a deep elf blademaster in the Dungeon)

   [amulet of faith]

   It allows you to gain divine favour quickly.Dex: It affects your dexterity
   (+2).
   rN:        It protects you from negative energy.
 n - the ring of Zakhlob (left hand) {rN+ Str+6 Int+2 Dex+2 Slay-2 Stlth+}
   (You found it in the Dungeon)

   [ring of strength]

   Str:       It affects your strength (+6).
   Int:       It affects your intelligence (+2).
   Dex:       It affects your dexterity (+2).
   Slay:      It affects your accuracy & damage with ranged weapons and melee
   (-2).
   rN:        It protects you from negative energy.
   Stlth:     It makes you more stealthy.
 r - the ring of Ymim Cumm (right hand) {rC+ MP+9 Int+2 Dex+4 Slay-3}
   (You found it in the Dungeon)

   [ring of magical power]

   Int:       It affects your intelligence (+2).
   Dex:       It affects your dexterity (+4).
   Slay:      It affects your accuracy & damage with ranged weapons and melee
   (-3).
   rC:        It protects you from cold.
   MP:        It affects your magic capacity (+9).
 v - an amulet of the acrobat
 J - a ring of flight
Wands
 s - a wand of iceblast (11)
 F - a wand of acid (6)
 H - a wand of charming (6)
Scrolls
 e - 4 scrolls of amnesia
 k - 4 scrolls of immolation
 u - a scroll of silence
 A - 3 scrolls of torment
 E - 6 scrolls of identify
 G - a scroll of fear
 I - a scroll of enchant armour
 K - a scroll of acquirement
Potions
 a - a potion of ambrosia
 c - 3 potions of curing
 d - 7 potions of heal wounds
 f - 2 potions of magic
 g - 2 potions of berserk rage
 j - 2 potions of mutation
 o - 2 potions of might
 w - 3 potions of haste
 x - 2 potions of brilliance
 C - a potion of lignification
Miscellaneous
 q - a piece from Xom's chessboard (15/15)


   Skills:
 + Level 5.1 Fighting
 + Level 1.7 Long Blades
 + Level 13.3 Dodging
 + Level 11.3 Stealth
 O Level 27 Spellcasting
 + Level 11.9 Conjurations
 + Level 1.2 Hexes
 + Level 11.0 Transmutations
 + Level 7.1 Fire Magic
 + Level 6.2 Ice Magic
 + Level 8.0 Air Magic
 O Level 27 Earth Magic
 + Level 1.4 Evocations


You had 7 spell levels left.
You knew the following spells:

 Your Spells              Type           Power      Damage    Failure   Level
a - Sandblast             Erth           100%       2d20      0%          1
b - Passwall              Tmut/Erth      100%       N/A       0%          2
c - Stone Arrow           Conj/Erth      100%       3d13      0%          3
d - Lee's Rapid Deconstr  Erth           70%        3d33*     0%          5
e - Petrify               Tmut/Erth      100%       N/A       0%          4
f - Inner Flame           Hex/Fire       60%        N/A       1%          3
g - Freezing Cloud        Conj/Ice/Air   37%        6-21      1%          5
h - Bolt of Magma         Conj/Fire/Erth 57%        4d23      1%          5
i - Shatter               Erth           70%        3d52*     1%          9
j - Lehudib's Crystal Sp  Conj/Erth      62%        10d14     1%          8
k - Fire Storm            Conj/Fire      39%        8d10      95%         9
l - Statue Form           Tmut/Erth      82%        N/A       1%          6

Your spell library contained the following spells:

 Spells                   Type           Power      Damage    Failure   Level
 Beastly Appendage        Tmut           100%       N/A       0%          1
 Magic Dart               Conj           100%       1d8       0%          1
 Wereblood                Tmut           82%        N/A       0%          2
 Animate Skeleton         Necr           80%        N/A       1%          1
 Apportation              Tloc           80%        N/A       1%          1
 Corona                   Hex            52%        N/A       1%          1
 Pain                     Necr           100%       1d9       1%          1
 Summon Small Mammal      Summ           100%       N/A       1%          1
 Blink                    Tloc           N/A        N/A       1%          2
 Call Imp                 Summ           40%        N/A       1%          2
 Slow                     Hex            47%        N/A       1%          2
 Conjure Flame            Conj/Fire      78%        6-21      1%          3
 Ignite Poison            Fire/Tmut/Pois 67%        N/A       1%          3
 Mephitic Cloud           Conj/Pois/Air  69%        N/A       1%          3
 Spider Form              Tmut/Pois      32%        N/A       1%          3
 Tukima's Dance           Hex            47%        N/A       1%          3
 Vampiric Draining        Necr           20%        2d8       1%          3
 Fulminant Prism          Conj/Hex       34%        3d16      1%          4
 Ice Form                 Ice/Tmut       75%        N/A       1%          4
 Eringya's Noxious Bog    Tmut/Pois      32%        N/A       2%          6
 Animate Dead             Necr           20%        N/A       6%          4
 Agony                    Necr           40%        N/A       17%         5


Dungeon Overview and Level Annotations

Branches:
Dungeon (1/1)

Altars:
Cheibriados
Dithmenos
Elyvilon
Fedhas
Gozag
Hepliaklqana
Kikubaaqudgha
Makhleb
Nemelex Xobeh
Okawaru
Qazlal
Ru
Sif Muna
Trog
Uskayaw
Vehumet
Wu Jian
Xom
Yredelemnul
Zin
The Shining One
Beogh
Jiyva
Lugonu

Shops:
D [:![[=*?[*[!=!:(

Annotations:
D exclusion: oklob plant, Rupert


Innate Abilities, Weirdness & Mutations

You possess an exceptional clarity of mind.
You are clumsy. (Dex -2)
Your flesh is cold resistant. (rC+)


Message History

Why would you want to do that?
You open the door. 2 oklob plants come into view.
Marking area around 2 oklob plants as unsafe for travelling.
Found Girhig's Armour Shop.
Casting: Lee's Rapid Deconstruction (safe; 0% risk of failure)
Confirm with . or Enter, or press ? or * to list all spells.
Aiming: Lee's Rapid Deconstruction (safe; 0% risk of failure)
Press: ? - help, Dir - move target A metal wall.
You feel a surge of power!
The metal wall shatters!
The blast of metal fragments hits the oklob plant!!!!
You destroy the oklob plant!
Vehumet accepts your kill.
You feel your power returning.
Unknown command.
Casting: Lee's Rapid Deconstruction (safe; 0% risk of failure)
Confirm with . or Enter, or press ? or * to list all spells.
Aiming: Lee's Rapid Deconstruction (safe; 0% risk of failure)
Press: ? - help, Dir - move target A closed door.
You feel a surge of power!
The stone door frame shatters!
The blast of rock fragments hits the oklob plant but does no damage.
The oklob plant spits acid at you. The splash of acid hits you!
You are splashed with acid!
* * * LOW HITPOINT WARNING * * *
Unknown command.
Casting: Lee's Rapid Deconstruction (safe; 0% risk of failure)
Confirm with . or Enter, or press ? or * to list all spells.
Aiming: Lee's Rapid Deconstruction (safe; 0% risk of failure)
Press: ? - help, Dir - move target A closed door.
You feel a surge of power!
The stone door frame shatters!
The blast of rock fragments hits the oklob plant!!
The oklob plant is heavily damaged.
The oklob plant spits acid at you. The splash of acid hits you!
* * * LOW HITPOINT WARNING * * *
The acid corrodes you!
You are splashed with acid!
You die...

#'###.......#
▓. #≈≈
##.....## ▓.
#+#+ ##...##
▓. ##'### ▓.
#.≈≈≈+ ▓. +
#.≈≈.# ▓. #∩
#.≈≈.# ▓.
#P.#..≈.# ▓.
+..'@.≈≈+ ▓.
#..#≈≈≈.# ▓#
#. #))..# #
####+#


You could see an oklob plant.

Vanquished Creatures
  Frederick (D)
  Sigmund (D)
  2 liches (D)
  A deep elf blademaster (D)
  2 sphinxes (D)
  Gastronok (D)
  Chuck (D)
  2 deep elf demonologists (D)
  Azrael (D)
  2 dire elephants (D)
  2 deep elf annihilators (D)
  4 mummy priests (D)
  A deep elf death mage (D)
  2 yaktaur captains (D)
  A deep elf high priest (D)
  A fire dragon (D)
  3 hydras (D)
  Erolcha (D)
  An anaconda (shapeshifter) (D)
  3 ice dragons (D)
  A centaur warrior (D)
  4 dancing weapons (D)
  An iron golem (D)
  5 orc high priests (D)
  Urug (D)
  4 hell knights (D)
  3 deep elf knights (D)
  4 skeletal warriors (D)
  A shadow wraith (D)
  A death drake (D)
  A spriggan druid (D)
  An obsidian statue (D)
  A lindwurm (D)
  An oklob plant (D)
  3 deep elf pyromancers (D)
  4 crystal guardians (D)
  An orc sorcerer (D)
  4 ugly things (D)
  2 elephants (D)
  4 statues (D)
  2 cane toads (D)
  Edmund (D)
  A rime drake (D)
  A komodo dragon (D)
  3 yaktaurs (D)
  5 guardian mummies (D)
  3 wandering mushrooms (D)
  4 spriggan defenders (D)
  A wind drake (shapeshifter) (D)
  A queen bee (D)
  2 tyrant leeches (D)
  2 slime creatures (D)
  5 blink frogs (D)
  5 redbacks (D)
  2 spriggans (D)
  A shadow (D)
  A spatial vortex (D)
  A hydra simulacrum (D)
  A swamp drake (D)
  A floating eye (D)
  5 orc warriors (D)
  A fire dragon simulacrum (D)
  2 black mamba simulacra (D)
  A necrophage (D)
  5 two-headed ogres (D)
  A scorpion (D)
  A water elemental (D)
  32 killer bees (D)
  An electric eel (D)
  A jelly (D)
  3 orc priests (D)
  A wizard (D)
  Jessica (D)
  2 orc wizards (D)
  2 necromancers (D)
  A wolf simulacrum (D)
  3 humans (D)
  A kobold demonologist (D)
  2 swamp drake simulacra (D)
  6 orcs (D)
  An endoplasm (D)
  2 rats (D)
  7 bushes (D)
205 creatures vanquished.

Vanquished Creatures (others)
  14 plants (D)
14 creatures vanquished.

Grand Total: 219 creatures vanquished

Notes
Turn   | Place    | Note
-------+----------+-------------------------------------------
     0 | D        | mhtbhm the Deep Elf Earth Elementalist began the quest for
                  | the Orb.
     0 | D        | Reached XP level 1. HP: 10/10 MP: 6/6
    72 | D        | Noticed Jessica
    76 | D        | Killed Jessica
    77 | D        | Reached skill level 5 in Spellcasting
    77 | D        | Reached skill level 5 in Earth Magic
    77 | D        | Reached XP level 2. HP: 15/15 MP: 6/10
   113 | D        | Reached XP level 3. HP: 19/19 MP: 9/11
   116 | D        | Learned a level 2 spell: Passwall
   120 | D        | Learned a level 3 spell: Stone Arrow
   205 | D        | Gained mutation: You are clumsy. (Dex -2) [potion of
                  | mutation]
   205 | D        | Gained mutation: You possess an exceptional clarity of
                  | mind. [potion of mutation]
   205 | D        | Gained mutation: Your flesh is cold resistant. (rC+)
                  | [potion of mutation]
   207 | D        | Noticed a scorpion
   215 | D        | Killed a scorpion
   216 | D        | Reached XP level 4. HP: 17/24 MP: 5/15
   303 | D        | Noticed a water elemental
   305 | D        | Killed a water elemental
   306 | D        | Reached XP level 5. HP: 28/28 MP: 11/17
   352 | D        | Learned a level 5 spell: Lee's Rapid Deconstruction
   357 | D        | Learned a level 4 spell: Petrify
   361 | D        | Found a radiant altar of Vehumet.
   432 | D        | Found a shimmering blue altar of Sif Muna.
   433 | D        | Found an ancient bone altar of Kikubaaqudgha.
   443 | D        | Became a worshipper of Vehumet
   460 | D        | Found a basalt altar of Yredelemnul.
   460 | D        | Found a shadowy altar of Dithmenos.
   460 | D        | Found a sacrificial altar of Ru.
   460 | D        | Noticed a necrophage
   461 | D        | Killed a necrophage
   462 | D        | Reached skill level 5 in Dodging
   462 | D        | Reached skill level 10 in Spellcasting
   462 | D        | Reached skill level 10 in Earth Magic
   462 | D        | Reached XP level 6. HP: 32/32 MP: 14/21
   510 | D        | Found a hide-covered altar of Uskayaw.
   510 | D        | Found an iron altar of Okawaru.
   510 | D        | Found a bloodstained altar of Trog.
   510 | D        | Found an ornate altar of the Wu Jian Council.
   510 | D        | Noticed a human
   510 | D        | Noticed a human
   512 | D        | Killed a human
   512 | D        | Reached * piety under Vehumet
   512 | D        | Offered knowledge of Magic Dart by Vehumet.
   512 | D        | Killed a human
   513 | D        | Reached XP level 7. HP: 36/36 MP: 14/24
   567 | D        | Found a glowing silver altar of Zin.
   567 | D        | Found a glowing golden altar of the Shining One.
   567 | D        | Found a white marble altar of Elyvilon.
   567 | D        | Noticed a deep elf pyromancer
   569 | D        | Killed a deep elf pyromancer
   570 | D        | Reached XP level 8. HP: 41/41 MP: 17/28
   630 | D        | Reached ** piety under Vehumet
   689 | D        | Found a blossoming altar of Fedhas.
   689 | D        | Found a stormy altar of Qazlal.
   689 | D        | Found a snail-covered altar of Cheibriados.
   689 | D        | Found a burning altar of Makhleb.
   689 | D        | Found a shimmering altar of Xom.
   690 | D        | Found a hazy altar of Hepliaklqana.
   690 | D        | Found an opulent altar of Gozag.
   690 | D        | Found a sparkling altar of Nemelex Xobeh.
   690 | D        | Found a corrupted altar of Lugonu.
   690 | D        | Found a viscous altar of Jiyva.
   694 | D        | Offered knowledge of Shock by Vehumet.
   695 | D        | Reached skill level 15 in Spellcasting
   773 | D        | Reached *** piety under Vehumet
   872 | D        | Noticed Erolcha
   873 | D        | Noticed a two-headed ogre
   875 | D        | Killed Erolcha
   875 | D        | Offered knowledge of Inner Flame by Vehumet.
   876 | D        | Reached XP level 9. HP: 45/45 MP: 15/32
   876 | D        | Reached **** piety under Vehumet
   876 | D        | Noticed a two-headed ogre
   877 | D        | Reached skill level 15 in Earth Magic
   877 | D        | Killed a two-headed ogre
   877 | D        | Killed a two-headed ogre
  1069 | D        | Noticed a wandering mushroom
  1073 | D        | Noticed a wandering mushroom
  1079 | D        | Learned a level 3 spell: Inner Flame
  1080 | D        | Killed a wandering mushroom
  1080 | D        | Offered knowledge of Dazzling Flash by Vehumet.
  1082 | D        | Noticed a wandering mushroom
  1086 | D        | Killed a wandering mushroom
  1091 | D        | Killed a wandering mushroom
  1175 | D        | Reached ***** piety under Vehumet
  1179 | D        | Reached XP level 10. HP: 51/51 MP: 5/35
  1187 | D        | Noticed an orc sorcerer
  1188 | D        | Reached skill level 1 in Conjurations
  1188 | D        | Killed an orc sorcerer
  1189 | D        | Reached skill level 1 in Hexes
  1193 | D        | Reached ****** piety under Vehumet
  1203 | D        | Noticed an orc high priest
  1204 | D        | Noticed a soul eater
  1213 | D        | Killed an orc high priest
  1328 | D        | Found Nilics's Antique Armour Emporium.
  1420 | D        | Noticed a deep elf knight
  1420 | D        | Noticed a deep elf pyromancer
  1420 | D        | Noticed a deep elf pyromancer
  1420 | D        | Noticed a deep elf knight
  1420 | D        | Noticed a deep elf knight
  1432 | D        | Killed a deep elf knight
  1432 | D        | Offered knowledge of Freezing Cloud by Vehumet.
  1433 | D        | Reached skill level 5 in Stealth
  1433 | D        | Killed a deep elf knight
  1434 | D        | Reached skill level 1 in Evocations
  1435 | D        | Killed a deep elf pyromancer
  1435 | D        | Killed a deep elf pyromancer
  1436 | D        | Reached skill level 1 in Long Blades
  1439 | D        | Killed a deep elf knight
  1440 | D        | Reached skill level 1 in Fighting
  1440 | D        | Reached XP level 11. HP: 56/56 MP: 24/39
  1502 | D        | Noticed a deep elf annihilator
  1512 | D        | Learned a level 5 spell: Freezing Cloud
  1513 | D        | Identified the +6 flail "Modgh" {antimagic, +Blink rF- rN+
                  | Str+3}
  1513 | D        | Noticed a deep elf demonologist
  1513 | D        | Noticed a deep elf annihilator
  1516 | D        | Killed a deep elf demonologist
  1516 | D        | Offered knowledge of Bolt of Magma by Vehumet.
  1516 | D        | Noticed a deep elf high priest
  1516 | D        | Identified the +10 great sword of Carolik {flame, Dex+2}
  1516 | D        | Noticed a deep elf death mage
  1780 | D        | Learned a level 5 spell: Bolt of Magma
  1780 | D        | Identified the amulet of the Middle {Faith rN+ Dex+2}
  1780 | D        | Noticed a deep elf blademaster
  1788 | D        | Killed a deep elf death mage
  1790 | D        | Noticed a deep elf demonologist
  1806 | D        | Killed a deep elf demonologist
  1808 | D        | Killed a deep elf annihilator
  1942 | D        | Killed a deep elf annihilator
  1946 | D        | Killed a deep elf high priest
  2118 | D        | Killed a deep elf blademaster
  2152 | D        | Identified the ring of Zakhlob {rN+ Str+6 Int+2 Dex+2
                  | Slay-2 Stlth+}
  2152 | D        | Identified the ring of Ymim Cumm {rC+ MP+9 Int+2 Dex+4
                  | Slay-3}
  2154 | D        | Identified the Catalogue of Hexes
  2255 | D        | Noticed Sigmund
  2255 | D        | Noticed Edmund
  2262 | D        | Killed Edmund
  2267 | D        | Killed Sigmund
  2268 | D        | Reached skill level 1 in Fire Magic
  2268 | D        | Reached XP level 12. HP: 61/61 MP: 14/43
  2386 | D        | Offered knowledge of Orb of Destruction by Vehumet.
  2620 | D        | Offered knowledge of Lightning Bolt by Vehumet.
  2678 | D        | Noticed Urug
  2681 | D        | Killed Urug
  2787 | D        | Noticed an eight-headed hydra
  2787 | D        | Noticed a four-headed hydra
  2793 | D        | Killed a four-headed hydra
  2793 | D        | Killed an eight-headed hydra
  2793 | D        | Offered knowledge of Starburst by Vehumet.
  3143 | D        | Found the +0 mask of the Dragon {Will+ Slay+3 SInv}
  3338 | D        | Offered knowledge of Ozocubu's Refrigeration by Vehumet.
  3342 | D        | Reached skill level 27 in Spellcasting
  3474 | D        | Offered knowledge of Irradiate by Vehumet.
  3493 | D        | Found Roevodaza's Distillery.
  3493 | D        | Found Xattac's Antique Weapon Shoppe.
  3493 | D        | Found Niudyv's General Store.
  3493 | D        | Found Waops's Magic Scroll Boutique.
  3493 | D        | Found Lymazada's Antique Armour Emporium.
  3493 | D        | Found Qatoc's Book Shop.
  3493 | D        | Found Dioqiet's Armour Boutique.
  3493 | D        | Found Ahon Ymu's General Store.
  3493 | D        | Found Fycir's Distillery.
  3493 | D        | Found Tifyv's Jewellery Shop.
  3493 | D        | Found Liobbuur's Jewellery Boutique.
  3538 | D        | Bought a potion of heal wounds for 55 gold pieces
  3538 | D        | Bought a potion of heal wounds for 55 gold pieces
  3538 | D        | Bought a +2 cloak of stealth for 236 gold pieces
  3543 | D        | Bought a scarf of repulsion for 132 gold pieces
  3561 | D        | Bought a potion of heal wounds for 65 gold pieces
  3561 | D        | Bought a potion of heal wounds for 65 gold pieces
  3561 | D        | Bought a potion of curing for 39 gold pieces
  3561 | D        | Bought a scroll of identify for 26 gold pieces
  3561 | D        | Bought a scroll of immolation for 45 gold pieces
  3626 | D        | Reached XP level 13. HP: 65/65 MP: 46/46
  3898 | D        | Offered knowledge of Conjure Ball Lightning by Vehumet.
  3974 | D        | Noticed a dire elephant
  3979 | D        | Killed a dire elephant
  3985 | D        | Noticed a dire elephant
  3987 | D        | Killed a dire elephant
  4036 | D        | Noticed Gastronok
  4039 | D        | Killed Gastronok
  4040 | D        | Reached skill level 1 in Air Magic
  4168 | D        | Noticed an azure jelly
  4168 | D        | Noticed an azure jelly
  4168 | D        | Noticed an azure jelly
  4169 | D        | Noticed an azure jelly
  4172 | D        | Noticed Rupert
  4249 | D        | Offered knowledge of Lehudib's Crystal Spear by Vehumet.
  4249 | D        | Offered knowledge of Fire Storm by Vehumet.
  4249 | D        | Offered knowledge of Shatter by Vehumet.
  4250 | D        | Reached skill level 5 in Transmutations
  4344 | D        | Found Voutuquf's Book Emporium.
  4344 | D        | Found Enabatwo's Distillery.
  4346 | D        | Found Misidghie's Antique Armour Shoppe.
  4430 | D        | Bought the Volume of Cankerous Earth for 840 gold pieces
  4432 | D        | Bought a pair of polished boots for 237 gold pieces
  4432 | D        | Identified the +0 pair of boots of the Falcon {rF+ Stlth+}
                  | (You bought it in a shop in the Dungeon)
  4455 | D        | Got a decaying rune of Zot
  4507 | D        | Learned a level 9 spell: Shatter
  4516 | D        | Learned a level 8 spell: Lehudib's Crystal Spear
  4526 | D        | Learned a level 9 spell: Fire Storm
  4609 | D        | Found a blossoming altar of Fedhas.
  4861 | D        | Learned a level 6 spell: Statue Form
  5191 | D        | Noticed a fire dragon
  5196 | D        | Killed a fire dragon
  5336 | D        | Reached skill level 5 in Conjurations
  5336 | D        | Reached skill level 1 in Ice Magic
  5336 | D        | Reached skill level 27 in Earth Magic
  5338 | D        | Reached XP level 14. HP: 72/72 MP: 42/47
  5500 | D        | Noticed Chuck
  5509 | D        | Killed Chuck
  5597 | D        | Noticed Frederick
  5600 | D        | Killed Frederick
  5601 | D        | Reached skill level 10 in Dodging
  5601 | D        | Reached skill level 5 in Fire Magic
  5601 | D        | Reached skill level 5 in Air Magic
  5649 | D        | Noticed a lich
  5652 | D        | Killed a lich
  5962 | D        | Noticed a lich
  5964 | D        | Killed a lich
  5965 | D        | Reached skill level 5 in Ice Magic
  6004 | D        | Noticed a sphinx
  6005 | D        | Noticed a sphinx
  6007 | D        | Killed a sphinx
  6008 | D        | Reached skill level 10 in Stealth
  6008 | D        | Reached skill level 10 in Conjurations
  6009 | D        | Killed a sphinx
  6368 | D        | Reached skill level 10 in Transmutations
  6719 | D        | Bought a ring of flight for 227 gold pieces
  6791 | D        | Noticed Azrael
  6794 | D        | Killed Azrael
  6913 | D        | Reached skill level 5 in Fighting
  6966 | D        | Found Girhig's Armour Shop.
  6969 | D        | Splashed by an oklob plant's acid

Illustrated notes

Levels and vault maps discovered:
D:        dungeon_sprint_mu [sprint_mu_entry_cave, sprint_mu_temple_rooms,
          sprint_mu_d1_spiders, sprint_mu_d2_genie, sprint_mu_d3_branching,
          sprint_mu_orc_legion, sprint_mu_elf_gauntlet, sprint_mu_hive_nellie,
          sprint_mu_lair_fedhas, sprint_mu_vaults_butterflies,
          sprint_mu_slime_circle, sprint_mu_swamp_cave, sprint_mu_snake_twists,
          sprint_mu_blade_basic, sprint_mu_crypt_fortress,
          sprint_mu_tomb_spiral, sprint_mu_vestibule_basic,
          sprint_mu_gehenna_hellfire, sprint_mu_dis_giant,
          sprint_mu_tartarus_statrot, sprint_mu_cocytus_islands, sprint_mu_zot1]

Skill      XL: |  1  2  3  4  5  6  7  8  9 10 11 12 13 14 |
---------------+-------------------------------------------+-----
Dodging        | 3 4 5 6 8 13 | 13.3
Stealth        | 3 4 5 6 11 | 11.3
Spellcasting   | 5 7 8 10 12 14 17 19 22 25 27 | 27.0
Earth Magic    | 5 8 9 10 12 13 14 16 18 21 22 27 | 27.0
Transmutations | 2 3 6 11 | 11.0
Conjurations   | 1 3 4 5 11 | 11.9
Hexes          | 1 |  1.2
Evocations     | 1 |  1.4
Long Blades    | 1 |  1.7
Fighting       | 1 2 5 |  5.1
Fire Magic     | 1 3 4 7 |  7.1
Air Magic      | 2 8 |  8.0
Ice Magic      | 2 6 |  6.2

Action                   |  1- 3 |  4- 6 |  7- 9 | 10-12 | 13-15 || total
-------------------------+-------+-------+-------+-------+-------++-------
Melee: Long sword        |       |       |       |     7 |       ||     7
       Staff             |       |       |       |       |     8 ||     8
 Cast: Sandblast         |    13 |     1 |       |     5 |       ||    19
       Passwall          |     1 |       |       |     2 |       ||     3
       Stone Arrow       |       |     1 |     9 |     5 |     3 ||    18
       Lee's Rapid Decon |       |     5 |    21 |    74 |   126 ||   226
       Inner Flame       |       |       |     3 |     1 |       ||     4
       Bolt of Magma     |       |       |       |     7 |     4 ||    11
       Petrify           |       |       |       |     4 |    12 ||    16
       Freezing Cloud    |       |       |       |     1 |     3 ||     4
       Statue Form       |       |       |       |       |     4 ||     4
       Lehudib's Crystal |       |       |       |       |     2 ||     2
Evoke: Piece from Xom's  |       |       |       |     2 |       ||     2
  Use: Potion            |     1 |       |     1 |     2 |     1 ||     5
       Scroll            |       |       |     3 |     1 |     7 ||    11
Armor: Robe              |     2 |       |       |     1 |     1 ||     4
       Skin              |       |       |       |       |     4 ||     4
Dodge: Dodged            |     2 |       |     2 |    18 |    24 ||    46
       Rpst.: Long sword |       |       |       |     3 |       ||     3

Table legend: (Time is in decaauts)
 A = Elapsed time spent in this place.
 B = Non-inter-level travel time spent in this place.
 C = Inter-level travel time spent in this place.
 D = Time resting spent in this place.
 E = Time spent auto-exploring this place.
 F = Levels seen in this place.
 G = Mean time per level.
                   A        B        C        D        E       F      G
               +--------+--------+--------+--------+--------+-----+--------+
         Total |   7123 |   7014 |    109 |   4587 |     49 |   1 | 7123.0 |
       Dungeon |   7123 |   7014 |    109 |   4587 |     49 |   1 | 7123.0 |
               +--------+--------+--------+--------+--------+-----+--------+

Top non-repeatable levels by time:
       D: 7123 daAuts
